 Dungeon Crawl Stone Soup version 0.30.1 (webtiles) character file.

Game seed: 13476085346261216996

2547 Graphine the Covered (level 9, -11/80 HPs)
             Began as an Armataur Fighter on July 5, 2023.
             Killed from afar by a kobold brigand (15 damage)
             ... with a bolt of acid
             ... on level 6 of the Dungeon.
             The game lasted 00:09:54 (6140 turns).

Graphine the Covered (Armataur Fighter)             Turns: 6140, Time: 00:09:58

Health: -11/80     AC:  7    Str: 25    XL:     9   Next: 30%
Magic:  9/9        EV:  6    Int:  9    God:
Gold:   350        SH:  6    Dex: 10    Spells: 8/8 levels left

rFire   . . .        a - +0 flail
rCold   . . .        c - +1 buckler
rNeg    . . .        e - +0 chain mail
rPois   .            f - +2 hat
rElec   .            (no cloak)
rCorr   .            (no gloves)
SInv    .            (no barding)
Will    .....        (no amulet) Stlth
                     (no ring)
HPRegen 0.33/turn    (no ring)
MPRegen 0.11/turn

%: roll
@: mighty, lethally poisoned (-11 -> -13), corroded, slowed, very slow
A: large, rugged brown scales 3, deformed body, armoured tail, roll, long
tongue, awkward tongue
a: no special abilities


You were on level 6 of the Dungeon.
You visited 1 branch of the dungeon, and saw 6 of its levels.

You collected 350 gold pieces.

Inventory:

Hand Weapons
 a - a +0 flail (weapon)
 h - a +1 dagger of venom
 j - a +0 heavy mace
 w - a +2 dagger of holy wrath
 y - a +1 mace of draining
Missiles
 b - 6 silver javelins
 g - a throwing net (quivered)
Armour
 c - a +1 buckler (worn)
 e - a +0 chain mail (worn)
 f - a +2 hat (worn)
Jewellery
 o - a +4 ring of protection
 r - a ring of ice
Wands
 d - a wand of digging (5)
 p - a wand of roots (6)
Scrolls
 l - 3 scrolls of magic mapping
 z - a scroll of poison
Potions
 i - a potion of invisibility
 k - a potion of resistance
 m - 2 potions of curing
 n - a potion of mutation
 q - a potion of haste {unknown}
 s - 2 potions of lignification {unknown}
 u - a potion of brilliance {unknown}
 v - a potion of flight {unknown}
 x - 3 potions of cancellation {unknown}
 A - a potion of degeneration {unknown}


   Skills:
 + Level 5.8 Fighting
 * Level 7.5 Maces & Flails
 + Level 7.7 Armour
 + Level 7.0 Shields


You had 8 spell levels left.
You didn't know any spells.
Your spell library contained the following spells:

 Spells                   Type           Power      Damage    Failure   Level
 Apportation              Tloc           0%         N/A       91%         1
 Necrotise                Necr           0%         1d4       91%         1
 Shock                    Conj/Air       0%         1d3       91%         1
 Summon Small Mammal      Summ           0%         N/A       91%         1
 Ensorcelled Hibernation  Hex/Ice        0%         N/A       97%         2
 Spider Form              Tmut/Pois      0%         N/A       99%         3
 Swiftness                Air            0%         N/A       99%         3
 Airstrike                Air            0%         2d(0-16)  100%        4
 Anguish                  Hex/Necr       0%         N/A       100%        4


Dungeon Overview and Level Annotations

Branches:
Dungeon (6/15)
 Temple: D:4-7

Altars:
Ashenzari
Dithmenos
Elyvilon


Innate Abilities, Weirdness & Mutations

You are completely covered in rugged brown scales. (AC +3, +7% HP)
Armour fits poorly on your strangely shaped body.
You have a long armoured tail.
You roll when moving toward enemies. (Rampage)
Your long tongue fully drains potion bottles. (2x potion effects)
Your tongue gives you trouble enunciating. (1.5x scroll delay)


Message History

You hit the kobold brigand. You tail-slap the kobold brigand!
The kobold brigand is heavily wounded.
The kobold brigand barely misses you.
The kobold brigand hits you with a +2 rapier of electrocution.
You barely miss the kobold brigand. You tail-slap the kobold brigand!
The kobold brigand is almost dead.
The kobold brigand closely misses you.
The kobold brigand hits you but does no damage.
You sock the kobold brigand!
You kill the kobold brigand!
You bludgeon the kobold brigand!!
The kobold brigand is severely wounded.
You feel yourself speed up.
The kobold brigand hits you but does no damage.
Space warps horribly around you!
The kobold brigand hits you but does no damage.
Space warps around you.
You sock the kobold brigand!
You kill the kobold brigand!
The kobold brigand throws a curare-tipped dart.
The curare-tipped dart hits you.
You are poisoned.
You have difficulty breathing.
You feel yourself slow down.
Your Shields skill increases to level 7!
You roll towards the kobold brigand!
You barely miss the kobold brigand. You tail-slap the kobold brigand!
The kobold brigand is heavily wounded.
You feel very sick.
The kobold brigand hits you but does no damage. x2
You barely miss the kobold brigand.
The kobold brigand is heavily wounded.
You feel very sick.
The kobold brigand zaps a wand.
The bolt of acid misses you.
You barely miss the kobold brigand.
The kobold brigand is moderately wounded.
You feel sick.
The kobold brigand zaps a wand.
The bolt of acid hits you!!
* * * LOW HITPOINT WARNING * * *
The acid corrodes you!
The kobold brigand zaps a wand.
The bolt of acid hits you!
You die...

..#.#..########.#
#♣.#.#.♣#........#
#..#.#..#........#
###(K...##........#
#.##K''##.........#
#.........#######.#
####..##.## #.#
#########.###.# #.#
#.....)@K.....# #..
##.#####################
#.# #................
#.# #.###############
#.# #.# #......[.....
#.# #.###...########.
#.# #.#...[.# #....#.
#.# #.#.#.#.# #.##.##
#.# #.#.#...# #......


You could see a kobold brigand.

Vanquished Creatures
  The ghost of Quickbrownfox the Sneak, a novice DsCj of Vehumet (D:6)
  A steam dragon (D:6)
  Duvessa (D:4)
  An orc warrior (D:5)
  2 ice beasts
  An ogre (D:4)
  A phantom (D:6)
  7 kobold brigands
  2 bullfrogs (D:6)
  3 scorpions
  Dowan (D:4)
  A gnoll bouda (D:5)
  A jelly (D:4)
  An orc priest (D:5)
  5 hounds
  2 sleepcaps
  4 iguanas
  An orc wizard (D:3)
  7 gnolls
  7 adders
  2 shadow imps
  5 dart slugs
  10 orcs
  3 bats
  5 endoplasms
  6 giant cockroaches
  7 hobgoblins
  3 quokkas
  15 ball pythons
  3 frilled lizards
  12 goblins
  6 kobolds
  6 rats
133 creatures vanquished.

Notes
Turn   | Place    | Note
-------+----------+-------------------------------------------
     0 | D:1      | Graphine the Armataur Fighter began the quest for the Orb.
     0 | D:1      | Reached XP level 1. HP: 19/19 MP: 1/1
   178 | D:1      | Reached XP level 2. HP: 26/26 MP: 2/2
   342 | D:1      | Found a faded altar of an unknown god.
   556 | D:1      | Reached XP level 3. HP: 33/33 MP: 3/3
  1615 | D:3      | Reached XP level 4. HP: 38/40 MP: 4/4
  2088 | D:3      | Reached XP level 5. HP: 21/48 MP: 5/5
  2817 | D:4      | Reached XP level 6. HP: 47/55 MP: 6/6
  2848 | D:4      | Found a white marble altar of Elyvilon.
  2990 | D:4      | Reached skill level 5 in Armour
  3278 | D:4      | Noticed Duvessa
  3279 | D:4      | Noticed Dowan
  3297 | D:4      | Killed Duvessa
  3298 | D:4      | Reached XP level 7. HP: 29/63 MP: 7/7
  3300 | D:4      | Killed Dowan
  3452 | D:4      | Reached skill level 5 in Shields
  3543 | D:5      | Entered Level 5 of the Dungeon
  3566 | D:5      | Reached skill level 5 in Maces & Flails
  3975 | D:5      | Reached XP level 8. HP: 56/71 MP: 8/8
  4479 | D:5      | Found a broken altar of Ashenzari.
  4775 | D:6      | Found a runed translucent gate.
  4775 | D:6      | Found a runed translucent gate.
  4775 | D:6      | Found a runed translucent gate.
  4775 | D:6      | Noticed Quickbrownfox's ghost (novice DsCj)
  4886 | D:6      | Reached skill level 5 in Fighting
  5884 | D:6      | Found a shadowy altar of Dithmenos.
  6127 | D:6      | Killed Quickbrownfox's ghost
  6128 | D:6      | Reached XP level 9. HP: 45/80 MP: 9/9
  6140 | D:6      | HP: 4/80 [kobold brigand/bolt of acid (23)]
  6140 | D:6      | Killed from afar by a kobold brigand

Illustrated notes

Levels and vault maps discovered:
D:1:      sevenhm_arrival_forest_fort_small_5, layout_basic,
          basic_ecumenical_altar, corexii_hall_statues_x
D:2:      layout_loops_ring
D:3:      layout_loops_cross, minmay_bisected
D:4:      layout_gridville, elyvilon_altar_5, hangedman_decor_slide_cut,
          uniq_duvessa
D:5:      layout_loops_ring, kennysheep_mini
D:6:      layout_basic, grunt_dithmenos_smoke, gammafunk_ghost_nasty_kobolds

Skill      XL: |  1  2  3  4  5  6  7  8  9 |
---------------+----------------------------+-----
Maces & Flails | 2 3 4 5 7 |  7.5
Fighting       | 3 4 5 |  5.8
Armour         | 4 5 6 7 |  7.7
Shields        | 4 5 6 7 |  7.0

Action                     |  1- 3 |  4- 6 |  7- 9 || total
---------------------------+-------+-------+-------++-------
  Melee: Flail             |   116 |   186 |   203 ||   505
         Tailslap          |    11 |    15 |    35 ||    61
    Use: Potion            |     1 |     1 |     5 ||     7
         Scroll            |     6 |     1 |     3 ||    10
 Armour: Chain mail        |    67 |   112 |    95 ||   274
         Scale mail        |     3 |       |       ||     3
  Dodge: Dodged            |    20 |    71 |    58 ||   149
  Block: Buckler           |    16 |    35 |    52 ||   103
